AoeStats
← randomciv

Enclosed

504144568Analyzed
1v1 RM · 28d ago on Sep 4, 2026· 31m 50s· 2 players
Game mode
Random Map
Map size
Tiny (2 player)
Population
200
Speed
Normal
Resources
Standard
Victory
Conquest
Starting age
Dark Age
Ending age
Imperial Age
RankedLock teamsTeams togetherTeam positionsShared explorationLock speedFull tech treeHidden civsTurbo modeCheats
Victory
Defeat
🇦🇷 Goths · Argentina
1895
+12
🇺🇸 Armenians · United States
1807
-12
[C82]sasuke
6:41 Loom
9:27 Feudal Age
9:59 Double-Bit Axe
13:30 Fletching
14:28 Padded Archer Armor
25:44 Castle Age
23:51 Horse Collar
26:37 Bow Saw
26:42 Bodkin Arrow
28:37 Redemption
29:33 Sanctity
randomciv
7:01 Loom
9:05 Feudal Age
9:22 Man-at-Arms
12:41 Fletching
15:56 Padded Archer Armor
15:44 Double-Bit Axe
19:24 Horse Collar
24:19 Castle Age
22:59 Gold Mining
23:16 Scale Barding Armor
23:21 Forging
25:23 Chain Barding Armor
25:40 Wheelbarrow
25:16 Bow Saw
25:20 Bloodlines
25:51 Heavy Plow
29:01 Iron Casting
29:07 Long Swordsman
29:47 Squires
Connection lost

Rejoining the realm…

Still unreachable

The connection could not be restored.

Session expired

The server has moved on; the page needs a fresh start.